AoeStats
← Garyfai

Arena

505433114Analyzed
4v4 RM · 24d ago on Sep 9, 2026· 49m 40s· 8 players
Game mode
Random Map
Map size
Large (8 player)
Population
200
Speed
Normal
Resources
Standard
Victory
Conquest
Starting age
Dark Age
Ending age
Imperial Age
RankedLock teamsTeams togetherTeam positionsShared explorationLock speedFull tech treeHidden civsTurbo modeCheats
Victory
Defeat
🇫🇷 Persians · France
1022
+16
🇮🇳 Cumans · India
999
+17
🇮🇳 Japanese · India
997
+17
🇭🇰 Turks · Hong Kong SAR China
988
+17
🇨🇱 Turks · Chile
1077
-19
🇦🇺 Armenians · Australia
1028
-17
🇨🇱 Burgundians · Chile
1028
-17
🇨🇱 Celts · Chile
941
-14
GuaïGuaïlepurBG
10:01 Feudal Age
10:56 Horse Collar
11:02 Double-Bit Axe
16:00 Castle Age
14:28 Loom
16:28 Heavy Plow
21:40 Stone Mining
23:04 Stone Shaft Mining
24:07 Gold Mining
26:05 Gold Shaft Mining
26:11 Forging
26:06 Scale Barding Armor
27:21 Bow Saw
28:17 Wheelbarrow
29:59 Hand Cart
30:30 Iron Casting
30:15 Chain Barding Armor
29:46 Fletching
34:04 Imperial Age
31:26 Town Watch
32:02 Masonry
31:48 Murder Holes
32:13 Ballistics
31:56 Devotion
32:17 Bloodlines
32:07 Husbandry
32:25 Town Patrol
32:56 Bodkin Arrow
32:53 Light Cavalry
33:44 Elite War Elephant
35:00 Hoardings
34:46 Conscription
34:38 Citadels
35:01 Crop Rotation
35:32 Two-Man Saw
35:34 Blast Furnace
35:09 Plate Barding Armor
34:18 Hussar
35:31 Architecture
36:02 Chemistry
36:22 Faith
Garyfai
0:38 Loom
11:49 Feudal Age
17:09 Castle Age
16:33 Stone Mining
17:38 Horse Collar
21:53 Double-Bit Axe
26:10 Bloodlines
26:01 Husbandry
28:06 Bow Saw
28:42 Gold Mining
kwik
10:30 Feudal Age
11:06 Double-Bit Axe
11:05 Horse Collar
16:38 Wheelbarrow
20:52 Castle Age
19:49 Scale Barding Armor
19:45 Scale Mail Armor
19:55 Forging
20:29 Loom
21:03 Bloodlines
21:55 Bow Saw
21:48 Heavy Plow
22:15 Chain Barding Armor
22:47 Iron Casting
27:37 Hand Cart
27:08 Town Watch
31:14 Imperial Age
29:44 Town Patrol
30:12 Stone Mining
30:13 Gold Mining
31:55 Gold Shaft Mining
31:17 Cavalier
32:34 Plate Barding Armor
33:00 Blast Furnace
33:53 Paladin
35:54 Light Cavalry
47:54 Conscription
*Lord*
5:06 Loom
11:50 Feudal Age
15:36 Castle Age
24:23 Scale Mail Armor
26:26 Double-Bit Axe
27:10 Fortified Wall
29:33 Bow Saw
33:03 Imperial Age
30:33 Gambesons
30:41 Crossbowman
31:38 Fletching
32:16 Ballistics
33:47 Thumb Ring
34:19 Conscription
34:14 Padded Archer Armor
34:26 Forging
35:55 Chain Mail Armor
36:05 Arbalester
38:23 Elite Samurai
39:49 Kataparuto
40:43 Chemistry
40:58 Wheelbarrow
42:08 Bodkin Arrow
42:44 Plate Mail Armor
42:39 Hand Cart
43:21 Leather Archer Armor
43:50 Gold Mining
45:12 Squires
45:02 Arson
44:55 Pikeman
47:36 Coinage
wtfckkk
12:27 Feudal Age
13:34 Loom
16:26 Castle Age
14:56 Double-Bit Axe
14:53 Horse Collar
18:39 Wheelbarrow
19:19 Bow Saw
21:23 Forging
23:45 Hand Cart
24:56 Pikeman
25:48 Scale Mail Armor
32:13 Iron Casting
31:54 Chain Mail Armor
32:17 Heavy Plow
32:40 Padded Archer Armor
32:54 Stronghold
36:06 Imperial Age
36:18 Heavy Scorpion
36:19 Capped Ram
39:16 Blast Furnace
38:48 Plate Mail Armor
38:34 Leather Archer Armor
38:11 Siege Ram
38:23 Halberdier
39:32 Heavy Scorpion
40:54 Gold Mining
42:16 Gold Shaft Mining
43:02 Furor Celtica
50:03 Chemistry
nas! HakeN
0:43 Loom
7:41 Double-Bit Axe
14:01 Feudal Age
13:21 Stone Mining
13:21 Gold Mining
13:21 Horse Collar
18:35 Castle Age
17:55 Bow Saw
17:49 Heavy Plow
19:15 Gold Shaft Mining
18:52 Scale Barding Armor
19:00 Forging
18:51 Cavalier
21:49 Husbandry
24:12 Chain Barding Armor
26:32 Iron Casting
26:58 Wheelbarrow
26:12 Town Watch
29:18 Hand Cart
30:55 Two-Man Saw
30:33 Stone Shaft Mining
39:42 Imperial Age
38:16 Pikeman
38:57 Squires
38:42 Arson
40:08 Scale Mail Armor
40:33 Fletching
41:43 Plate Barding Armor
40:32 Paladin
42:20 Blast Furnace
42:52 Chain Mail Armor
44:14 Chemistry
43:34 Ballistics
43:37 Halberdier
44:26 Halberdier
45:47 Plate Mail Armor
46:50 Murder Holes
47:59 Halberdier
48:42 Bodkin Arrow
nas! ANDi
11:39 Feudal Age
15:32 Castle Age
20:31 Imperial Age
18:29 Double-Bit Axe
19:48 Bow Saw
22:39 Loom
24:34 Wheelbarrow
28:56 Horse Collar
33:12 Hand Cart
33:41 Heavy Plow
33:33 Gold Mining
33:34 Stone Mining
34:22 Padded Archer Armor
35:08 Ballistics
37:28 Two-Man Saw
37:10 Gold Shaft Mining
40:51 Conscription
40:32 Artillery
40:41 Town Watch
41:45 Fletching
42:11 Leather Archer Armor
44:04 Ring Archer Armor
44:57 Fortified Wall
Sarder King
10:00 Feudal Age
12:05 Loom
15:08 Castle Age
13:54 Double-Bit Axe
14:19 Horse Collar
17:06 Man-at-Arms
19:43 Forging
19:58 Gambesons
20:30 Scale Mail Armor
21:00 Long Swordsman
21:50 Two-Handed Swordsman
24:43 Fletching
29:45 Chain Mail Armor
29:32 Padded Archer Armor
30:21 Crossbowman
32:32 Iron Casting
32:55 Pikeman
33:35 Squires
33:37 Halberdier
35:23 Scale Barding Armor
39:00 Leather Archer Armor
38:41 Bodkin Arrow
38:09 Elite Skirmisher
39:41 Fortified Wall
39:27 Murder Holes
40:39 Chain Barding Armor
41:06 Heavy Plow
42:58 Wheelbarrow
46:37 Imperial Age
45:59 Champion
48:21 Chemistry
47:42 Ballistics
47:43 Arbalester
Connection lost

Rejoining the realm…

Still unreachable

The connection could not be restored.

Session expired

The server has moved on; the page needs a fresh start.